 Dungeon Sprint DCSS version 0.23.2-11-gf996548c65 (webtiles) character file.

Game seed: 17306684633236364216

445 wilfster70 the Unseen (level 6, 0/28 HPs)
             Began as a Spriggan Enchanter on June 6, 2019.
             Was an Initiate of Okawaru.
             Slain by Sonja
             ... wielding a +0 short sword of distortion
              (5 damage)
             ... in the Dungeon (Sprint I: "Red Sonja").
             The game lasted 00:01:38 (224 turns).

wilfster70 the Unseen (Spriggan Enchanter)           Turns: 224, Time: 00:01:38

Health: 0/28       AC:  2    Str:  4    XL:     6   Next: 72%
Magic:  14/14      EV: 18    Int: 17    God:    Okawaru [......]
Gold:   297        SH:  0    Dex: 18    Spells: 11/14 levels left

rFire    . . .     SeeInvis +   a - +1 dagger
rCold    . . .     Gourm    .   (shield restricted)
rNeg     . . .     Faith    .   b - +0 robe
rPois    .         Spirit   .   (helmet restricted)
rElec    .         Reflect  .   (no cloak)
rCorr    .         Harm     .   (gloves unavailable)
MR       +....     NoTele   +   (boots unavailable)
Stlth    +++++++...             (no amulet)
HPRegen  0.09/turn              (no ring)
MPRegen  0.14/turn              (no ring)

@: very quick
A: very small, unfitting armour, see invisible, herbivore, speed 3, slow
metabolism 2
a: Renounce Religion


You were in the Dungeon.
You worshipped Okawaru.
Okawaru was noncommittal.
You were not hungry.

You visited 1 branch You collected 297 gold pieces.

Inventory:

Hand Weapons
 a - a +1 dagger (weapon)
Armour
 b - a +0 robe (worn)
Wands
 c - a wand of polymorph (4)
Scrolls
 i - a scroll of identify {unknown}
 j - a scroll of blinking
 k - a scroll of amnesia {unknown}
Potions
 e - a potion of curing
 f - a potion of heal wounds
 g - 2 potions of haste
 h - 2 potions of magic
Comestibles
 d - a ration


   Skills:
 + Level 3.6 Short Blades
 - Level 3.0 Dodging
 + Level 18.5 Stealth
 + Level 4.7 Spellcasting
 * Level 6.7 Hexes
 + Level 0.0 Invocations


You had 11 spell levels left.
You knew the following spells:

 Your Spells              Type           Power        Failure   Level  Hunger
a - Corona                Hex            ####...      1%          1    None
b - Ensorcelled Hibernat  Hex/Ice        ###...       5%          2    #......

Your spell library contained the following spells:

 Spells                   Type           Power        Failure   Level  Hunger
 Confuse                  Hex            ####....     2%          3    ###....
 Tukima's Dance           Hex            ####....     2%          3    ###....
 Dazzling Spray           Conj/Hex       ###...       11%         3    ###....


Dungeon Overview and Level Annotations

Branches:
Dungeon (1/1)

Altars:
Cheibriados
Dithmenos
Elyvilon
Fedhas
Gozag
Hepliaklqana
Kikubaaqudgha
Nemelex Xobeh
Okawaru
Qazlal
Ru
Sif Muna
Trog
Uskayaw
Vehumet
Wu Jian
Yredelemnul
Zin
The Shining One

Shops:
D !

Annotations:
D Sonja


Innate Abilities, Weirdness & Mutations

You are very small and have problems with some larger weapons.
You are too small for most types of armour.
You have supernaturally acute eyesight. (SInv)
You are a herbivore.
You cover ground extremely quickly.
You need to consume almost no food.


Message History

You see here a yak corpse.
There is an open door, spattered with blood here.
You open the door.
Sonja, the Graceful Assassin comes into view.
She is wielding a +0 short sword of distortion.
Found 108 gold pieces.
There is an open door here.
Sonja shouts!
Sonja unwields a +0 short sword of distortion.
Its appearance distorts for a moment.
Sonja wields a +0 blowgun.
Sonja shoots a curare-tipped needle.
The curare-tipped needle completely misses you.
Sonja unwields a +0 blowgun.
Sonja wields a +0 short sword of distortion.
Its appearance distorts for a moment.
Sonja hits you with a +0 short sword of distortion.
Space warps horribly around you!
Ouch! That really hurt!
* * * LOW HITPOINT WARNING * * *
Sonja hits you with a +0 short sword of distortion.
You die...

#..#####'#####'#
#..####..#...#.#
#..#__####..##.#
#..#_____##'#_.+
#⌠⌠#_.∩..†'.(._#
####_..__##_.#'#
#_____###'#.#
#########.###


+$@$+ #$K$# ##.## #+# You could see Sonja.

Vanquished Creatures
  Sigmund (D)
  A yak (D)
  An ogre (D)
  A jelly (D)
  Ijyb (D)
5 creatures vanquished.

Notes
Turn   | Place    | Note
-------+----------+-------------------------------------------
     0 | D        | wilfster70 the Spriggan Enchanter began the quest for the
                  | Orb.
     0 | D        | Reached XP level 1. HP: 9/9 MP: 5/5
     1 | D        | Noticed Ijyb
     7 | D        | Killed Ijyb
     7 | D        | Reached skill level 10 in Stealth
     7 | D        | Reached XP level 2. HP: 13/13 MP: 6/6
    26 | D        | Learned a level 2 spell: Ensorcelled Hibernation
    45 | D        | Noticed an ogre
    49 | D        | Killed an ogre
    49 | D        | Reached skill level 14 in Stealth
    49 | D        | Reached XP level 3. HP: 16/16 MP: 0/8
    49 | D        | Reached XP level 4. HP: 21/21 MP: 0/9
   138 | D        | Noticed Sigmund
   141 | D        | Killed Sigmund
   141 | D        | Reached skill level 18 in Stealth
   141 | D        | Reached XP level 5. HP: 24/24 MP: 10/10
   141 | D        | Reached XP level 6. HP: 28/28 MP: 11/11
   153 | D        | Found a deep blue altar of Sif Muna.
   154 | D        | Found an ornate altar of the Wu Jian Council.
   155 | D        | Found a radiant altar of Vehumet.
   190 | D        | Found Qeguduff's Distillery.
   190 | D        | Found an ancient bone altar of Kikubaaqudgha.
   190 | D        | Found a hazy altar of Hepliaklqana.
   190 | D        | Found a hide-covered altar of Uskayaw.
   190 | D        | Found a basalt altar of Yredelemnul.
   190 | D        | Found an opulent altar of Gozag.
   190 | D        | Found a snail-covered altar of Cheibriados.
   190 | D        | Found a sacrificial altar of Ru.
   190 | D        | Found a shadowy altar of Dithmenos.
   190 | D        | Noticed a yak
   191 | D        | Found a stormy altar of Qazlal.
   191 | D        | Found a blossoming altar of Fedhas.
   191 | D        | Found a bloodstained altar of Trog.
   191 | D        | Found an iron altar of Okawaru.
   191 | D        | Found a glowing golden altar of the Shining One.
   191 | D        | Found a glowing silver altar of Zin.
   191 | D        | Found a white marble altar of Elyvilon.
   192 | D        | Killed a yak
   193 | D        | Found a sparkling altar of Nemelex Xobeh.
   198 | D        | Became a worshipper of Warmaster Okawaru
   221 | D        | Noticed Sonja
   224 | D        | Slain by Sonja

Skill      XL: |  1  2  3  4  5  6 |
---------------+-------------------+-----
Stealth        | 10 14 18 | 18.5
Spellcasting   | 4 |  4.7
Hexes          | 6 |  6.7
Short Blades   | 3 |  3.6
Dodging        | |  3.0

Action                   |  1- 3 |  4- 6 || total
-------------------------+-------+-------++-------
Melee: Unarmed           |     2 |       ||     2
       Dagger            |     2 |     3 ||     5
 Cast: Ensorcelled Hiber |     1 |       ||     1
  Use: Potion            |     1 |       ||     1
 Stab: Sleeping          |     2 |     3 ||     5
Dodge: Dodged            |     2 |     1 ||     3
